 Dungeon Crawl Stone Soup version 0.23.2-1-ga50397a (webtiles) character file.

Game seed: 9088330357860501772

229 Meegle the Magician (level 5, -2/28 HPs)
             Began as a Deep Elf Fire Elementalist on May 24, 2019.
             Was a Follower of Vehumet.
             Slain by Duvessa
             ... wielding a +0 short sword
              (5 damage)
             ... on level 4 of the Dungeon.
             The game lasted 00:09:15 (3885 turns).

Meegle the Magician (Deep Elf Fire Elementalist)    Turns: 3885, Time: 00:09:16

Health: -2/28      AC:  2    Str:  5    XL:     5   Next: 71%
Magic:  4/15       EV: 13    Int: 21    God:    Vehumet [*.....]
Gold:   96         SH:  0    Dex: 15    Spells: 2/15 levels left

rFire    . . .     SeeInvis .   n - +0 dagger (venom)
rCold    . . .     Gourm    .   (no shield)
rNeg     . . .     Faith    .   a - +0 robe
rPois    .         Spirit   .   (no helmet)
rElec    .         Reflect  .   (no cloak)
rCorr    .         Harm     .   (no gloves)
MR       .....                  (no boots)
Stlth    ++........             (no amulet)
HPRegen  0.09/turn              (no ring)
MPRegen  0.14/turn              (no ring)

@: no status effects
A: no striking features
a: Renounce Religion


You were on level 4 of the Dungeon.
You worshipped Vehumet.
Vehumet was aware of your devotion.
You were not hungry.

You visited 1 branch of the dungeon, and saw 4 of its levels.

You collected 96 gold pieces.

Inventory:

Hand Weapons
 e - a +0 dagger of protection
 n - a +0 dagger of venom (weapon)
Armour
 a - a +0 robe (worn)
Jewellery
 g - an uncursed ring of protection from magic {unknown}
Scrolls
 b - a scroll of immolation {unknown}
 d - 4 scrolls of teleportation {unknown}
 f - 3 scrolls of fog {unknown}
 j - 5 scrolls of identify {unknown}
Potions
 h - 2 potions of ambrosia {unknown}
 i - a potion of degeneration {unknown}
 k - a potion of invisibility {unknown}
 m - a potion of agility {unknown}
 o - a potion of lignification {unknown}
Comestibles
 c - 4 rations
 l - a chunk of flesh


   Skills:
 + Level 2.7 Dodging
 + Level 3.2 Stealth
 + Level 5.7 Spellcasting
 + Level 2.3 Conjurations
 + Level 4.8 Fire Magic


You had 2 spell levels left.
You knew the following spells:

 Your Spells              Type           Power        Failure   Level  Hunger
a - Flame Tongue          Conj/Fire      ###..        2%          1    None
b - Throw Flame           Conj/Fire      ###...       3%          2    None
c - Conjure Flame         Conj/Fire      ###.....     7%          3    ##.....
d - Inner Flame           Hex/Fire       ###.....     11%         3    ##.....
e - Sticky Flame          Conj/Fire      ###.....     22%         4    ####...

Your spell library contained the following spells:

 Spells                   Type           Power        Failure   Level  Hunger
 Magic Dart               Conj           ###.         3%          1    None
 Fireball                 Conj/Fire      ###.......   54%         5    #####..


Dungeon Overview and Level Annotations

Branches:
Dungeon (4/15)
 Temple: D:4-7

Altars:
Dithmenos
Okawaru
Sif Muna
Trog
Vehumet
Xom
The Shining One

Annotations:
D:4 Duvessa


Message History

Duvessa is lightly wounded.
Duvessa is covered in liquid flames!
Duvessa burns!
Duvessa is engulfed in blazing flames.
Duvessa hits you with a +0 short sword!
Duvessa is engulfed in blazing flames.
Duvessa hits you with a +0 short sword!!
Ouch! That really hurt!
* * * LOW HITPOINT WARNING * * *
Duvessa burns!
Duvessa is engulfed in blazing flames.
Duvessa barely misses you.
There is a stone staircase leading up here.
Casting: Sticky Flame (slightly dangerous; 22% risk of failure)
Confirm with . or Enter, or press ? or * to list all spells.
Aiming: Sticky Flame (slightly dangerous; 22% risk of failure)
Press: ? - help, Shift-Dir - straight line, f/p - Duvessa
Aim: Duvessa, wielding a +0 short sword and wearing a +0 leather armour (severely wounded, berserk, fast, unusually strong, covered in liquid flames)
The sticky flame hits Duvessa.
Duvessa is severely wounded.
Duvessa is covered in liquid flames!
Duvessa burns!
Duvessa hits you with a +0 short sword.
You die...

...........#.#.# ...e.#
..#####..###%#.######..%..#.
..<......)...[..?...........
.............#.#.###.###..#
......#..###..............#
###...#..###..##.###.####.#
.....#.......##.# #$# #####
#.#####e.#.# #.# ... #@#.#.#
#.# ##. #.#.#.# #.# #รท#...#
#.. #.....# .. ####..#
...... ###..##.. .....
##.##.


You could see Duvessa (berserk).

Vanquished Creatures
  Dowan (D:4)
  3 gnolls (D:2)
  8 adders
  An ooze (D:1)
  2 dart slugs
  An orc (D:3)
  7 giant cockroaches
  10 goblins
  12 hobgoblins
  A quokka (D:3)
  6 ball pythons
  9 bats
  A frilled lizard (D:1)
  8 kobolds
  5 rats
75 creatures vanquished.

Vanquished Creatures (others)
  3 fungi (D:3)
3 creatures vanquished.

Grand Total: 78 creatures vanquished

Notes
Turn   | Place    | Note
-------+----------+-------------------------------------------
     0 | D:1      | Meegle the Deep Elf Fire Elementalist began the quest for
                  | the Orb.
     0 | D:1      | Reached XP level 1. HP: 10/10 MP: 6/6
   379 | D:1      | Reached XP level 2. HP: 15/15 MP: 1/8
   467 | D:1      | Found a shimmering altar of Xom.
  1591 | D:2      | Reached XP level 3. HP: 19/19 MP: 8/10
  1595 | D:2      | Learned a level 2 spell: Throw Flame
  1599 | D:2      | Learned a level 3 spell: Conjure Flame
  1757 | D:2      | Reached skill level 4 in Spellcasting
  1778 | D:2      | Found a radiant altar of Vehumet.
  1784 | D:2      | Became a worshipper of Vehumet
  1804 | D:2      | Reached XP level 4. HP: 24/24 MP: 8/12
  1827 | D:2      | Learned a level 3 spell: Inner Flame
  2068 | D:2      | Reached skill level 5 in Spellcasting
  2184 | D:2      | Found a deep blue altar of Sif Muna.
  2184 | D:2      | Found a glowing golden altar of the Shining One.
  2344 | D:2      | Reached * piety under Vehumet
  2344 | D:2      | Offered knowledge of Magic Dart by Vehumet.
  2375 | D:2      | Found a shadowy altar of Dithmenos.
  2460 | D:2      | Reached XP level 5. HP: 28/28 MP: 10/14
  2501 | D:2      | Learned a level 4 spell: Sticky Flame
  2503 | D:2      | Found an iron altar of Okawaru.
  2503 | D:2      | Found a bloodstained altar of Trog.
  2923 | D:3      | Found a faded altar of an unknown god.
  3650 | D:4      | Noticed Duvessa
  3757 | D:4      | Noticed Dowan
  3767 | D:4      | Killed Dowan
  3885 | D:4      | Slain by Duvessa

Skill      XL: |  1  2  3  4  5 |
---------------+----------------+-----
Fire Magic     | 4 |  4.8
Spellcasting   | 4 5 |  5.7
Conjurations   | 2 |  2.3
Stealth        | 3 |  3.2
Dodging        | |  2.7

Action                   |  1- 3 |  4- 6 || total
-------------------------+-------+-------++-------
 Cast: Flame Tongue      |    60 |    88 ||   148
       Throw Flame       |     1 |     7 ||     8
       Conjure Flame     |       |     2 ||     2
       Sticky Flame      |       |     3 ||     3
  Eat: Chunk             |     2 |     7 ||     9
Armor: Robe              |     3 |     6 ||     9
Dodge: Dodged            |    22 |    20 ||    42
